 Dungeon Crawl Stone Soup version 0.21.1-1-g345015f (webtiles) character file.

3537 ursun the Sneak (level 10, -12/85 (88) HPs)
             Began as a Ghoul Monk on Apr 6, 2018.
             Was a Priest of Wu Jian.
             Mangled by a two-headed ogre
             ... wielding a +0 giant club
              (28 damage)
             ... on level 8 of the Dungeon.
             The game lasted 00:30:32 (10009 turns).

ursun the Sneak (Ghoul Monk)                       Turns: 10009, Time: 00:30:33

HP:   -12/85 (88)   AC: 16    Str: 19    XL:     10   Next: 8%
MP:   0/9           EV:  8    Int:  5    God:    Wu Jian [***...]
Gold: 442           SH:  0    Dex: 11    Spells: 9/9 levels left

rFire    . . .     SeeInvis .     - Unarmed
rCold    + . .     Gourm    .   (no shield)
rNeg     + + +     Faith    .   x - +0 plate armour
rPois    ∞         Spirit   .   s - +2 hat
rElec    .         Reflect  .   q - scarf {repulsion}
rCorr    .         Harm     +   (no gloves)
MR       .....                  A - +1 pair of boots
Stlth    ..........             c - amulet of harm
HPRegen  0.00/turn              (no ring)
MPRegen  0.11/turn              (no ring)

@: rotting, repel missiles
A: rotting body, claws 1, carnivore, cold resistance 1, negative energy
resistance 3, inhibited regeneration, torment resistance, unbreathing
a: Wall Jump, Serpent's Lash, Renounce Religion


You were on level 8 of the Dungeon.
You worshipped Wu Jian.
Wu Jian was most pleased with you.
You were not hungry.

You visited 2 branches of the dungeon, and saw 9 of its levels.

You collected 442 gold pieces.

Inventory:

Armour
 a - a +0 robe
 p - a +0 chain mail
 q - a scarf of repulsion (worn)
 s - a +2 hat (worn)
 x - a +0 plate armour (worn)
 A - a +1 pair of boots (worn)
Jewellery
 c - an amulet of harm (around neck)
Wands
 w - a wand of iceblast (10)
Scrolls
 d - 5 scrolls of identify
 e - 3 scrolls of amnesia
 m - 2 scrolls of remove curse
 o - 2 scrolls of immolation
 t - a scroll of fog {unknown}
 v - a scroll of teleportation
 y - a scroll of enchant weapon
Potions
 g - 3 potions of degeneration
 h - a potion of haste {unknown}
 k - 3 potions of agility
 l - 2 potions of berserk rage
 n - 2 potions of heal wounds
 r - 2 potions of flight
 u - a potion of mutation
 C - a potion of might
Comestibles
 b - 17 rations


   Skills:
 + Level 7.6 Fighting
 + Level 5.5 Armour
 + Level 6.4 Dodging
 + Level 7.8 Stealth
 + Level 7.7 Unarmed Combat


You had 9 spell levels left.
You didn't know any spells.

Dungeon Overview and Level Annotations

Branches:
Dungeon (8/15)             Temple (1/1) D:5            Lair (0/6) D:8

Altars:
Ashenzari
Cheibriados
Dithmenos
Elyvilon
Fedhas
Gozag
Kikubaaqudgha
Makhleb
Nemelex Xobeh
Qazlal
Ru
Sif Muna
Trog
Uskayaw
Vehumet
Wu Jian
Xom
Yredelemnul
Zin
The Shining One


Innate Abilities, Weirdness & Mutations

Your body is rotting away.
You thrive on raw meat.
You are immune to poison.
You have sharp fingernails.
You are carnivorous and can eat meat at any time.
Your flesh is cold resistant. (rC+)
You are immune to negative energy. (rN+++)
You do not regenerate when monsters are visible.
You are immune to unholy pain and torment.
You can survive without breathing.


Message History

The orc warrior is almost dead.
The eye of draining gazes at you.
You feel your power leaking away.
You completely miss the orc warrior.
The orc warrior is almost dead.
The orc priest hits you but does no damage.
The orc warrior closely misses you.
The two-headed ogre hits you but does no damage.
The two-headed ogre hits you with a giant club.
Your plate armour prevents you from hitting the orc warrior.
The orc warrior is almost dead.
The orc warrior hits you but does no damage.
The orc priest hits you but does no damage.
The two-headed ogre hits you with a giant club!
* * * LOW HITPOINT WARNING * * *
The two-headed ogre closely misses you. The orc warrior barely misses you.
The orc priest hits you but does no damage.
The two-headed ogre hits you with a giant club!!
You die...

>PPP.PPP.....#....#G.....
. PPP....P.P.###....#...#
.. ...P.P
.........#...##... P.P...
.........#........ ..PPP.
P........#........ .PPP..
........'........ ......
###....#........ .P....
#.OoG#........ ......
#.o@.#..###+## ......
#....#..# .#+## #....#..#
.+ #........ .# #.....###
.# .####.# .# .. .# .#
.#. .# .#


You could see a two-headed ogre, an eye of draining, an orc warrior and an orc
priest.

Vanquished Creatures
  The ghost of Alarion00 the Slasher, an amateur HuBe of Trog (D:3)
  A porcupine (D:8)
  An orc warrior (D:6)
  3 sky beasts
  2 ice beasts (D:5)
  3 phantoms
  2 black bears (D:8)
  3 ogres
  3 centaurs
  A crocodile (D:8)
  Blork the orc (D:4)
  4 bullfrogs
  4 scorpions
  4 howler monkeys
  4 wights (D:7)
  3 crimson imps
  A bullfrog zombie (D:6)
  6 hounds
  A jelly (D:6)
  An orc priest (D:7)
  4 orc wizards
  2 bullfrog skeletons (D:8)
  Jessica (D:2)
  3 iguanas (D:5)
  2 worker ants
  A hound zombie (D:8)
  9 adders
  An ooze (D:1)
  An adder zombie (D:6)
  A worm (D:4)
  5 dart slugs
  3 leopard geckos
  24 orcs
  A ball python (D:1)
  5 bats
  5 giant cockroaches
  10 hobgoblins
  5 jackals
  12 kobolds
  A quokka (D:7)
  A frilled lizard (D:3)
  8 goblins
  A quokka zombie (D:6)
  4 rats (D:1)
159 creatures vanquished.

Vanquished Creatures (others)
  19 fungi (D:8)
19 creatures vanquished.

Grand Total: 178 creatures vanquished

Notes
Turn   | Place    | Note
-------+----------+-------------------------------------------
     0 | D:1      | ursun the Ghoul Monk began the quest for the Orb.
     0 | D:1      | Reached XP level 1. HP: 19/19 MP: 0/0
   141 | D:1      | Reached XP level 2. HP: 23/26 MP: 1/1
   233 | D:1      | Reached XP level 3. HP: 9/31 MP: 2/2
   780 | D:1      | Reached skill level 1 in Armour
  1127 | D:2      | Found a burning altar of Makhleb.
  1139 | D:2      | Reached XP level 4. HP: 22/40 MP: 3/3
  1523 | D:2      | Noticed Jessica
  1534 | D:2      | Killed Jessica
  1534 | D:2      | Reached XP level 5. HP: 40/46 MP: 4/4
  1553 | D:2      | Found a shattered altar of Ashenzari.
  1971 | D:2      | Found a stormy altar of Qazlal.
  2814 | D:3      | Noticed Alarion00's ghost (amateur HuBe)
  3360 | D:3      | HP: 4/46 [Alarion00's ghost (3)]
  3614 | D:3      | Killed Alarion00's ghost
  3614 | D:3      | Reached XP level 6. HP: 18/50 MP: 5/5
  3869 | D:3      | Found a glowing golden altar of the Shining One.
  3946 | D:3      | Found a stormy altar of Qazlal.
  4196 | D:4      | Noticed Blork the orc
  4209 | D:4      | Killed Blork the orc
  4533 | D:4      | Reached XP level 7. HP: 51/58 MP: 6/6
  5337 | D:4      | Reached skill level 5 in Fighting
  5337 | D:4      | Reached skill level 5 in Unarmed Combat
  5544 | D:5      | Entered Level 5 of the Dungeon
  5617 | D:5      | Found a hide-covered altar of Uskayaw.
  5693 | D:5      | Reached skill level 5 in Stealth
  5693 | D:5      | Reached XP level 8. HP: 17/69 MP: 7/7
  6482 | D:5      | Found a staircase to the Ecumenical Temple.
  6489 | Temple   | Entered the Ecumenical Temple
  6754 | Temple   | Became a worshipper of the Wu Jian Council
  6754 | Temple   | Reached * piety under Wu Jian
  6754 | Temple   | Reached ** piety under Wu Jian
  6996 | D:6      | Reached skill level 5 in Dodging
  7455 | D:6      | Found a hide-covered altar of Uskayaw.
  7946 | D:7      | Found a basalt altar of Yredelemnul.
  7984 | D:7      | Found an opulent altar of Gozag.
  7991 | D:7      | Reached XP level 9. HP: 76/77 MP: 8/8
  8950 | D:8      | Reached skill level 5 in Armour
  9263 | D:8      | Reached *** piety under Wu Jian
  9323 | D:8      | Found a staircase to the Lair.
  9630 | D:8      | Reached XP level 10. HP: 80/81 MP: 9/9
  9641 | D:8      | HP: 7/81 [orc priest/divine providence (14)]
  9641 | D:8      | HP: 1/81 [bullfrog zombie (6)]
  9995 | D:8      | Noticed a two-headed ogre
 10009 | D:8      | Mangled by a two-headed ogre

Skill      XL: |  1  2  3  4  5  6  7  8  9 |
---------------+----------------------------+-----
Dodging        | 3 4 5 6 |  6.4
Armour         | 1 2 3 4 5 |  5.5
Stealth        | 3 4 5 6 7 |  7.8
Fighting       | 4 5 6 7 |  7.6
Unarmed Combat | 4 5 6 7 |  7.7

Action                   |  1- 3 |  4- 6 |  7- 9 | 10-12 || total
-------------------------+-------+-------+-------+-------++-------
Melee: Unarmed           |   111 |   230 |   421 |    34 ||   796
       Punch             |     1 |     6 |     5 |       ||    12
Invok: Lunge             |       |       |    43 |     5 ||    48
       Whirlwind         |       |       |    65 |    10 ||    75
       Wall Jump         |       |       |    16 |       ||    16
  Use: Scroll            |       |     4 |     9 |     2 ||    15
       Potion            |       |     1 |     5 |     1 ||     7
 Stab: Sleeping          |     3 |     2 |       |       ||     5
  Eat: Chunk             |     1 |     9 |    13 |       ||    23
       Ration            |       |     2 |     1 |     1 ||     4
Armor: Robe              |     7 |    11 |       |       ||    18
       Chain mail        |       |    85 |    96 |       ||   181
       Plate armour      |       |       |    91 |    28 ||   119
Dodge: Dodged            |    63 |   106 |   137 |    18 ||   324
       Deflected         |       |     1 |     8 |       ||     9
